 Dungeon Crawl Stone Soup version 0.20-a0-303-g575bbf7 (webtiles) character file.

395 Goblin1989 the Slasher (level 6, 0/47 HPs)
             Began as a Demonspawn Monk on Dec 17, 2016.
             Slain by a gnoll
             ... wielding a +0 spear
              (8 damage)
             ... on level 5 of the Dungeon.
             The game lasted 00:12:40 (6427 turns).

Goblin1989 the Slasher (Demonspawn Monk)            Turns: 6427, Time: 00:12:41

Health: 0/47       AC:  6    Str: 13    XL:     6   Next: 52%
Magic:  6/6        EV: 10    Int: 12    God:
Gold:   101        SH:  0    Dex: 15    Spells: 5/5 levels left

rFire  . . .     SeeInvis .     a - +0 falchion
rCold  . . .     Gourm    .     r - +0 scale mail
rNeg   . . .     Faith    .     (no shield)
rPois  .         Spirit   .     (helmet restricted)
rElec  .         Reflect  .     (no cloak)
rCorr  .         Harm     .     (no gloves)
MR     .....                    (no boots)
Stlth  ++........               (no amulet)
                                (no ring)
                                (no ring)

@: no status effects
A: antennae 1, nightstalker 1, powered by pain 1
a: no special abilities


You were on level 5 of the Dungeon.
You were not hungry.

You visited 1 branch of the dungeon, and saw 5 of its levels.

You collected 101 gold pieces.

Inventory:

Hand Weapons
 a - a +0 falchion (weapon)
Missiles
 i - 9 tomahawks (quivered)
Armour
 r - a +0 scale mail (worn)
Jewellery
 p - an uncursed ring of ice
Wands
 x - a wand of polymorph (5/24)
 I - a wand of iceblast (7/15)
Scrolls
 b - a scroll of recharging {unknown}
 d - a scroll of amnesia {unknown}
 e - a scroll of enchant armour {unknown}
 g - a scroll of noise {unknown}
 j - a scroll of fear {unknown}
 k - 2 scrolls of identify {unknown}
 o - a scroll of enchant weapon {unknown}
 q - a scroll of fog {unknown}
 s - 2 scrolls of remove curse {unknown}
 t - 2 scrolls of teleportation {unknown}
Potions
 f - a potion of brilliance {unknown}
 h - 2 potions of curing {@q1}
 l - a potion of degeneration {unknown}
 n - a potion of agility {unknown}
 u - a potion of cure mutation {unknown}
 v - a potion of haste {unknown}
 w - 2 potions of magic {unknown}
Comestibles
 c - 3 bread rations {@e1}
 m - 2 meat rations {@e2}


   Skills:
 - Level 3.0 Fighting
 + Level 6.8 Long Blades
 - Level 2.6 Dodging
 - Level 1.7 Stealth


You had 5 spell levels left.
You didn't know any spells.

Dungeon Overview and Level Annotations

Branches:
Dungeon (5/15)
 Temple: D:4-7

Altars:
Fedhas
Kikubaaqudgha
Ru
Zin

Annotations:
D:3 Nuatha's ghost, amateur DEAK


Innate Abilities, Weirdness & Mutations

You have a pair of small antennae on your head.
You are slightly more attuned to the shadows.
You sometimes gain a little power by taking damage.


Message History

The gnoll is severely wounded.
The gnoll closely misses you.
The gnoll hits you from afar with a spear!
* * * LOW HITPOINT WARNING * * *
The gnoll barely misses you.
You take 7 damage, and have 13/47 hp.
You slash the gnoll!
You kill the gnoll!
The gnoll hits you but does no damage. The gnoll barely misses you.
The gnoll barely misses you.
You riposte.
You hit the gnoll but do no damage.
The gnoll is lightly wounded.
The gnoll hits you with a spear.
* * * LOW HITPOINT WARNING * * *
Items here: $ )) [ † a flail; 13 gold pieces; a club; a leather armour; a gnoll corpse You take 5 damage, and have 8/47 hp.
You hit the gnoll.
The gnoll is moderately wounded.
The gnoll hits you with a spear!
You die...

█....∆...........█
█....█...........█
█████████...██...████████
.█......██...██∆███
.............█....█
.............█....█
█.......g.g.█....█
█......███..██.███
█......███..██@████..
..........∆...gg......
...%......█...........
....a.....█...........
███...██∆█████████████$
..█... ... ..█ .. ..█ ...
..█ ....


You could see 2 gnolls.

Vanquished Creatures
  A centaur (D:5)
  A bullfrog skeleton (D:5)
  An iguana (D:5)
  4 worker ants (D:4)
  2 gnolls
  6 adders
  An ooze (D:1)
  4 worms
  5 dart slugs
  2 leopard geckos (D:2)
  7 orcs
  5 bats
  2 giant cockroaches
  9 goblins
  4 hobgoblins
  3 jackals (D:2)
  A quokka (D:2)
  4 frilled lizards
  10 kobolds
  A leopard gecko skeleton (D:4)
  7 rats
80 creatures vanquished.

Notes
Turn   | Place    | Note
-------+----------+-------------------------------------------
     0 | D:1      | Goblin1989 the Demonspawn Monk began the quest for the Orb.
     0 | D:1      | Reached XP level 1. HP: 18/18 MP: 1/1
    72 | D:1      | Reached skill level 3 in Long Blades
   148 | D:1      | Gained mutation: You sometimes gain a little power by taking damage. [demonic ancestry]
   148 | D:1      | Reached XP level 2. HP: 23/24 MP: 2/2
  1262 | D:2      | Gained mutation: You have a pair of small antennae on your head. [demonic ancestry]
  1262 | D:2      | Reached XP level 3. HP: 22/29 MP: 3/3
  1288 | D:2      | Reached skill level 4 in Long Blades
  1745 | D:2      | Gained mutation: You are slightly more attuned to the shadows. [demonic ancestry]
  1745 | D:2      | Reached XP level 4. HP: 24/35 MP: 4/4
  2657 | D:3      | Found an ancient bone altar of Kikubaaqudgha.
  2659 | D:3      | Found a blossoming altar of Fedhas.
  2661 | D:3      | Found a glowing silver altar of Zin.
  2934 | D:3      | Reached skill level 5 in Long Blades
  3117 | D:3      | Noticed Nuatha's ghost (amateur DEAK)
  3439 | D:4      | Reached XP level 5. HP: 18/41 MP: 5/5
  3474 | D:4      | HP: 2/41 [poisoned by a worker ant]
  4716 | D:4      | Found a sacrificial altar of Ru.
  5004 | D:5      | Entered Level 5 of the Dungeon
  5019 | D:5      | Reached skill level 6 in Long Blades
  5302 | D:5      | Noticed a phantom
  5312 | D:5      | Reached XP level 6. HP: 29/47 MP: 6/6
  6427 | D:5      | Slain by a gnoll

Vault maps used:
D:1:      nicolae_arrival_memento_mori, solitary_fountain
D:2:      minmay_three_crescents
D:3:      grunt_temple_overflow_diamond
D:4:      first_bread, minivault_14, nicolae_ru_the_path_less_chosen
D:5:      lightli_temple_of_fire

Skill      XL: |  1  2  3  4  5 |
---------------+----------------+-----
Long Blades    | 3 4 5 6 |  6.8
Fighting       | |  3.0
Dodging        | |  2.6
Stealth        | |  1.7

Action                   |  1- 3 |  4- 6 || total
-------------------------+-------+-------++-------
Melee: Falchion          |   118 |   287 ||   405
  Use: Potion            |     1 |       ||     1
 Stab: Sleeping          |       |     2 ||     2
       Distracted        |       |     1 ||     1
  Eat: Chunk             |     2 |    11 ||    13
       Bread ration      |       |     1 ||     1
Armor: Ring mail         |    38 |    52 ||    90
       Skin              |    17 |     5 ||    22
       Scale mail        |       |    41 ||    41
Dodge: Dodged            |    66 |   155 ||   221
       Rpst.: Falchion   |    15 |    48 ||    63

Vault maps used:
D:1:      nicolae_arrival_memento_mori, solitary_fountain
D:2:      minmay_three_crescents
D:3:      grunt_temple_overflow_diamond
D:4:      first_bread, minivault_14, nicolae_ru_the_path_less_chosen
D:5:      lightli_temple_of_fire
